 Dungeon Crawl Stone Soup version 0.21-a0-521-g1cd18d1 (webtiles) character file.

27262 solxrula the Fighter (level 13, -6/135 HPs)
             Began as a Troll Berserker on Dec 4, 2017.
             Was a High Priest of Trog.
             Mangled by an 11-headed hydra (9 damage)
             ... on level 14 of the Dungeon on Dec 5, 2017.
             The game lasted 01:41:20 (12111 turns).

solxrula the Fighter (Troll Berserker)             Turns: 12111, Time: 01:41:21

Health: -6/135     AC: 11    Str: 31    XL:     13   Next: 3%
Magic:  16/16      EV: 14    Int:  3    God:    Trog [*****.]
Gold:   797        SH:  0    Dex: 10    Spells: 12/12 levels left

rFire    + . .     SeeInvis .   H - +6 war axe (elec)
rCold    . . .     Gourm    +   (no shield)
rNeg     . . .     Faith    .   G - +1 troll leather armour
rPois    .         Spirit   .   (helmet restricted)
rElec    .         Reflect  .   (no cloak)
rCorr    .         Harm     .   (gloves unavailable)
MR       .....                  (boots unavailable)
Stlth    +.........             y - amulet of regeneration
HPRegen  1.52/turn              m - +3 ring of protection
MPRegen  0.15/turn              t - ring of protection from fire

@: about to teleport
A: large, unfitting armour, claws 3, fast metabolism 3, gourmand, regeneration
1, shaggy fur 1, tough skin 2
a: Berserk, Trog's Hand, Brothers in Arms, Burn Spellbooks, Renounce Religion


You were on level 14 of the Dungeon.
You worshipped Trog.
Trog was extremely pleased with you.
You were not hungry.

You visited 1 branch of the dungeon, and saw 14 of its levels.

You collected 797 gold pieces.

Inventory:

Hand Weapons
 H - a +6 war axe of electrocution (weapon)
 J - a +7 antimagic giant club
Armour
 G - a +1 troll leather armour (worn)
Jewellery
 m - a +3 ring of protection (left claw)
 t - a ring of protection from fire (right claw)
 y - an amulet of regeneration (around neck)
Wands
 q - a wand of iceblast (1)
 A - a wand of acid (1)
 B - a wand of enslavement (12)
 D - a wand of polymorph (7)
 I - a wand of paralysis (6)
 K - a wand of flame (5)
Scrolls
 d - 4 scrolls of magic mapping
 g - 5 scrolls of remove curse
 h - 3 scrolls of blinking
 l - a scroll of identify
 r - 5 scrolls of teleportation
 s - 3 scrolls of amnesia
 v - 2 scrolls of immolation
 z - 2 scrolls of enchant weapon
Potions
 e - a potion of cancellation
 f - a potion of mutation
 i - 2 potions of agility
 j - a potion of invisibility
 k - 4 potions of curing
 p - 2 potions of brilliance
 x - 2 potions of lignification
 E - 4 potions of heal wounds
 F - 2 potions of resistance
Books
 n - a book of Maledictions

   Spells                             Type                      Level
   a - Corona                         Hexes                        1
   b - Ensorcelled Hibernation        Hexes/Ice                    2
   c - Confuse                        Hexes                        3
   d - Tukima's Dance                 Hexes                        3
   e - Dazzling Spray                 Conjuration/Hexes            3
   Trog disapproves of the use of such an item.
 o - a book of Air

   Spells                             Type                      Level
   a - Shock                          Conjuration/Air              1
   b - Swiftness                      Charms/Air                   2
   c - Static Discharge               Conjuration/Air              3
   d - Airstrike                      Air                          4
   e - Lightning Bolt                 Conjuration/Air              5
   Trog disapproves of the use of such an item.
 C - a book of Misfortune

   Spells                             Type                      Level
   a - Confusing Touch                Hexes                        1
   b - Confuse                        Hexes                        3
   c - Gell's Gravitas                Translocation                3
   d - Petrify                        Transmutation/Earth          4
   e - Metabolic Englaciation         Hexes/Ice                    5
   f - Yara's Violent Unravelling     Hexes/Transmutation          5
   Trog disapproves of the use of such an item.
 L - a book of Spatial Translocations

   Spells                             Type                      Level
   a - Blink                          Translocation                2
   b - Shroud of Golubria             Charms/Translocation         2
   c - Lesser Beckoning               Translocation                3
   d - Gell's Gravitas                Translocation                3
   e - Teleport Other                 Translocation                3
   f - Passage of Golubria            Translocation                4
   Trog disapproves of the use of such an item.
Comestibles
 b - a meat ration
 c - 2 bread rations
 u - 24 fruits
 w - a royal jelly


   Skills:
 * Level 10.6 Fighting
 * Level 8.4(9.4) Axes
 - Level 7.1(9.2) Maces & Flails
 * Level 10.6 Dodging
 + Level 5.4 Evocations


You had 12 spell levels left.
You didn't know any spells.

Dungeon Overview and Level Annotations

Branches:
Dungeon (14/15)            Temple (0/1) D:4            Lair (0/6) D:8
    Orc (0/2) D:11         Vaults (0/5) D:13

Altars:
Ashenzari
Hepliaklqana
Makhleb
Nemelex Xobeh
Qazlal
Sif Muna
Trog
Uskayaw
Vehumet
Xom
Yredelemnul
The Shining One

Annotations:
D:2 Robin
D:11 exclusion: 2 oklob plants


Innate Abilities, Weirdness & Mutations

You are too large for most types of armour.
You have claws for hands.
Your metabolism is lightning-fast.
You like to eat raw meat.
Your natural rate of healing is unusually fast.
You are covered in fur. (AC +1)
You have very tough skin. (AC +2)


Message History

* * * LOW HITPOINT WARNING * * *
The 11-headed hydra bites you!
* * * LOW HITPOINT WARNING * * *
The 11-headed hydra closely misses you.
The 11-headed hydra completely misses you.
The 11-headed hydra closely misses you. The 11-headed hydra bites you!
* * * LOW HITPOINT WARNING * * *
The 11-headed hydra misses you.
As you read the scroll of teleportation, it crumbles to dust.
You feel strangely unstable.
The 11-headed hydra bites you but does no damage.
The 11-headed hydra misses you. The 11-headed hydra bites you.
* * * LOW HITPOINT WARNING * * *
The 11-headed hydra misses you. The 11-headed hydra bites you!
* * * LOW HITPOINT WARNING * * *
The 11-headed hydra bites you!
* * * LOW HITPOINT WARNING * * *
The 11-headed hydra bites you but does no damage.
The 11-headed hydra bites you!
You die...

#.#.#.#####/#
#.#.........#.# ######
>...............#....#
.......<).......#..!.#
#.######...#.##..#....##
#.......................
...#####...#.#.#[......#
##...#.# #..<# #@.....#
#...# #D###### #.#.. #u#
#.#.## #.# # #F. #.# #..
#.# ... #.# .... ...


You could see a 11-headed hydra and a red ugly thing.

Vanquished Creatures
  Fannar (D:10)
  8 vault guards (D:13)
  3 centaur warriors (D:13)
  5 two-headed ogres
  Nergalle (D:11)
  An unseen horror (D:12)
  An orc knight (D:13)
  4 ugly things
  A manticore (D:11)
  A centaur zombie (D:11)
  Maurice (D:8)
  Joseph (D:8)
  A gargoyle (D:13)
  A harpy zombie (D:14)
  4 trolls
  A hornet (D:13)
  5 hippogriffs
  2 wyverns (D:11)
  5 yaks (D:11)
  A vampire (D:13)
  2 hungry ghosts
  A wraith (D:12)
  The ghost of Firecrotchwizard the Caller, an amateur GnSu (D:4)
  The ghost of Morgoth the Conjurer, an amateur HuWz (D:3)
  A warg (D:13)
  A water moccasin (D:8)
  6 orc warriors
  3 ice beasts
  3 sky beasts
  2 phantoms
  2 eyes of draining (D:5)
  6 ogres
  5 centaurs
  A tengu (shapeshifter) (D:13)
  A crocodile (D:11)
  3 big kobolds
  3 gnoll sergeants
  10 bullfrogs
  A wyvern zombie (D:13)
  6 scorpions
  3 killer bees (D:9)
  5 howler monkeys
  7 crimson imps
  2 bullfrog zombies
  8 jellies
  18 orc wizards
  8 orc priests
  8 hounds
  A bullfrog skeleton (D:12)
  2 centaur skeletons
  3 iguanas
  8 worker ants
  Natasha (thrice) (D:3 D:2)
  A hound zombie (D:5)
  A hound skeleton (D:11)
  A worker ant zombie (D:6)
  14 gnolls
  A river rat (D:5)
  14 adders
  2 shadow imps
  An adder zombie (D:6)
  An adder skeleton (D:5)
  3 worms
  A dart slug (D:3)
  5 leopard geckos
  37 orcs
  3 giant cockroaches
  10 hobgoblins
  4 jackals
  6 quokkas
  2 ball pythons (D:6)
  3 bats
  6 frilled lizards
  10 goblins
  A jackal skeleton (D:4)
  12 kobolds
  A leopard gecko skeleton (D:5)
  A quokka zombie (D:5)
  12 rats
336 creatures vanquished.

Vanquished Creatures (others)
  A sky beast (D:13)
1 creature vanquished.

Grand Total: 337 creatures vanquished

Notes
Turn   | Place    | Note
-------+----------+-------------------------------------------
     0 | D:1      | solxrula the Troll Berserker began the quest for the Orb.
     0 | D:1      | Reached XP level 1. HP: 22/22 MP: 0/0
   182 | D:1      | Reached XP level 2. HP: 29/29 MP: 1/1
   615 | D:2      | Found a hide-covered altar of Uskayaw.
   646 | D:2      | Reached XP level 3. HP: 35/36 MP: 2/2
   889 | D:2      | Reached ** piety under Trog
  1050 | D:2      | Reached XP level 4. HP: 42/45 MP: 3/3
  1161 | D:3      | Noticed Robin
  1161 | D:3      | Noticed Natasha
  1320 | D:3      | Killed Natasha
  1320 | D:3      | Reached XP level 5. HP: 53/53 MP: 4/4
  1351 | D:3      | Found a glowing golden altar of the Shining One.
  1443 | D:3      | Noticed Natasha
  1449 | D:3      | Killed Natasha
  1554 | D:3      | Noticed Morgoth's ghost (amateur HuWz)
  1571 | D:3      | Killed Morgoth's ghost
  1571 | D:3      | Reached XP level 6. HP: 60/62 MP: 5/5
  1596 | D:3      | Reached *** piety under Trog
  1625 | D:3      | Noticed Natasha
  1650 | D:2      | Killed Natasha
  2114 | D:4      | Noticed Firecrotchwizard's ghost (amateur GnSu)
  2140 | D:4      | Killed Firecrotchwizard's ghost
  2245 | D:4      | Reached XP level 7. HP: 67/70 MP: 6/6
  2285 | D:4      | Found a staircase to the Ecumenical Temple.
  2311 | D:4      | Found a hazy altar of Hepliaklqana.
  2314 | D:4      | Found a sparkling altar of Nemelex Xobeh.
  2471 | D:4      | Reached skill level 5 in Maces & Flails
  2856 | D:5      | Entered Level 5 of the Dungeon
  3002 | D:5      | Found a burning altar of Makhleb.
  3003 | D:5      | Found a shimmering altar of Xom.
  3114 | D:5      | Reached skill level 5 in Dodging
  3125 | D:5      | Reached skill level 5 in Fighting
  3174 | D:5      | Reached XP level 8. HP: 69/80 MP: 7/7
  3254 | D:5      | Reached **** piety under Trog
  3501 | D:5      | Found a bloodstained altar of Trog.
  3923 | D:6      | Found a burning altar of Makhleb.
  3982 | D:6      | Found a shattered altar of Ashenzari.
  4358 | D:6      | Found a deep blue altar of Sif Muna.
  4454 | D:6      | Reached XP level 9. HP: 75/89 MP: 8/8
  4480 | D:6      | Upgraded the game from 0.21-a0-517-gd76cfe0 to 0.21-a0-519-gb765982
  4700 | D:7      | Reached ***** piety under Trog
  5041 | D:7      | Found a stormy altar of Qazlal.
  5513 | D:8      | Found a basalt altar of Yredelemnul.
  5532 | D:8      | Reached skill level 1 in Axes
  5612 | D:8      | Noticed a two-headed ogre
  5624 | D:8      | Killed a two-headed ogre
  5624 | D:8      | Reached skill level 1 in Evocations
  5630 | D:8      | Noticed Maurice
  5744 | D:8      | Noticed Joseph
  5761 | D:8      | Killed Joseph
  5761 | D:8      | Reached XP level 10. HP: 102/102 MP: 10/10
  5941 | D:8      | Found a staircase to the Lair.
  6181 | D:8      | Killed Maurice
  6654 | D:9      | Noticed a two-headed ogre
  6662 | D:9      | Killed a two-headed ogre
  6958 | D:9      | Found a shimmering altar of Xom.
  7068 | D:9      | Lost intelligence.
  7276 | D:10     | Entered Level 10 of the Dungeon
  7731 | D:10     | Reached skill level 5 in Axes
  7731 | D:10     | Reached XP level 11. HP: 112/113 MP: 12/12
  7753 | D:10     | Noticed Fannar
  7778 | D:10     | Killed Fannar
  7961 | D:10     | Noticed a two-headed ogre
  7976 | D:10     | Killed a two-headed ogre
  8089 | D:11     | Noticed an oklob plant
  8278 | D:11     | Received a gift from Trog
  8333 | D:11     | Noticed Nergalle
  8368 | D:11     | Killed Nergalle
  8599 | D:11     | Noticed a two-headed ogre
  8613 | D:11     | Killed a two-headed ogre
  8629 | D:11     | Noticed a white ugly thing
  8795 | D:11     | Noticed a two-headed ogre
  8806 | D:11     | Killed a two-headed ogre
  8954 | D:11     | Found a staircase to the Orcish Mines.
  9115 | D:11     | Killed a white ugly thing
  9395 | D:11     | Noticed an oklob plant
  9445 | D:11     | Noticed a white ugly thing
  9454 | D:11     | Killed a white ugly thing
  9895 | D:11     | Upgraded the game from 0.21-a0-519-gb765982 to 0.21-a0-521-g1cd18d1
  9993 | D:12     | Killed an unseen horror
 10164 | D:12     | Reached XP level 12. HP: 124/124 MP: 14/14
 10735 | D:12     | Found a radiant altar of Vehumet.
 10898 | D:13     | Noticed a vault guard
 10901 | D:13     | Noticed a vault guard
 10917 | D:13     | Noticed a centaur warrior
 10927 | D:13     | HP: 8/189 [centaur warrior (13)]
 10928 | D:13     | HP: 2/189 [centaur warrior (4)]
 10929 | D:13     | Killed a centaur warrior
 11130 | D:13     | Found a gate to the Vaults.
 11162 | D:13     | Noticed a vault guard
 11166 | D:13     | Noticed a vault guard
 11554 | D:13     | Killed a vault guard
 11554 | D:13     | Received a gift from Trog
 11554 | D:13     | Reached skill level 10 in Fighting
 11554 | D:13     | Reached skill level 10 in Dodging
 11626 | D:13     | Noticed a vault guard
 11634 | D:13     | Noticed a centaur warrior
 11639 | D:13     | Killed a vault guard
 11646 | D:13     | Killed a centaur warrior
 11650 | D:13     | Noticed a centaur warrior
 11653 | D:13     | Noticed a vault guard
 11659 | D:13     | Killed a vault guard
 11659 | D:13     | Reached skill level 5 in Evocations
 11663 | D:13     | Killed a centaur warrior
 11667 | D:13     | Killed a vault guard
 11688 | D:13     | Noticed a vault guard
 11700 | D:13     | Killed a vault guard
 11733 | D:13     | Killed a vault guard
 11766 | D:13     | Killed a vault guard
 11811 | D:13     | Noticed a vault guard
 11820 | D:13     | Killed a vault guard
 11997 | D:13     | Reached XP level 13. HP: 127/135 MP: 5/16
 12111 | D:14     | HP: 3/135 [11-headed hydra (9)]
 12111 | D:14     | Mangled by an 11-headed hydra

Vault maps used:
D:1:      minmay_arrival_glassed_features
D:2:      nicolae_overflow_hidden_temple
D:3:      nicolae_tso_swordbearing_angel, uniq_robin, uniq_natasha
D:4:      chequers_temple_overflow_statue_of_worship, temple_green, first_bread
D:5:      trog_eyes_of_draining, grunt_temple_overflow_champion_of_chaos,
          lightli_sewer_entry_pipes
D:6:      lemuel_blue_sif_altar, basic_altar, nicolae_ashenzari_panopticon
D:7:      kennysheep_little_box
D:8:      nicolae_overflow_crystal_walls, lair_entry_dummy, blue_anna_alchemist,
          uniq_maurice, uniq_joseph
D:9:      basic_altar, minivault_20, serial_bayou_pond_d
D:10:     hangedman_abyss_or_decor_lesser_grid, uniq_fannar
D:11:     orc_0_dummy, disabler_island, uniq_nergalle
D:12:     basic_altar
D:13:     erik_vaults_2
D:14:     serial_shops, shop_coins, minmay_crystal_room, basic_altar

Skill      XL: |  1  2  3  4  5  6  7  8  9 10 11 12 |
---------------+-------------------------------------+-----
Maces & Flails | 3 4 5 6 7 |  7.1
Dodging        | 3 4 5 6 7 8 9 10 | 10.6
Fighting       | 3 4 5 6 7 8 9 10 | 10.6
Axes           | 3 5 6 8 |  8.4
Evocations     | 1 3 4 5 |  5.4

Action                   |  1- 3 |  4- 6 |  7- 9 | 10-12 | 13-15 || total
-------------------------+-------+-------+-------+-------+-------++-------
Melee: Mace              |   111 |   122 |   419 |       |       ||   652
       War axe           |       |       |   120 |   580 |    16 ||   716
       Unarmed           |       |       |       |   100 |       ||   100
       Giant club        |       |       |       |    51 |       ||    51
Invok: Berserk           |     1 |     5 |     7 |    13 |       ||    26
Evoke: Wand              |       |       |     2 |    27 |       ||    29
  Use: Scroll            |     1 |     3 |    14 |    12 |     1 ||    31
       Potion            |       |     2 |     2 |     4 |     1 ||     9
 Stab: Distracted        |       |     1 |       |       |       ||     1
       Paralysed         |       |       |     7 |    12 |       ||    19
  Eat: Chunk             |    10 |     6 |    32 |    73 |       ||   121
       Meat ration       |       |     2 |     3 |       |       ||     5
       Royal jelly       |       |       |       |     3 |       ||     3
       Bread ration      |       |       |       |     4 |       ||     4
Armor: Animal skin       |    41 |    52 |   152 |   102 |       ||   347
       Troll leather arm |       |       |       |   163 |    39 ||   202
Dodge: Dodged            |    65 |    86 |   304 |   446 |    48 ||   949

Table legend:
 A = Spawn XP
 B = Non-spawn XP
 C = Spawn XP percentage of total XP
 D = Spawn monster count
 E = Non-spawn monster count
 F = Spawn count percentage of total count
 G = Total turns spent on level
                    A         B        C        D         E        F      G
               +---------+---------+-------+---------+---------+-------+---------
         Total |       0 |   38946 |   0.0 |       0 |     337 |   0.0 | 12111
               +---------+---------+-------+---------+---------+-------+---------
           D:1 |       0 |      29 |   0.0 |       0 |      10 |   0.0 |   584
           D:2 |       0 |     130 |   0.0 |       0 |      33 |   0.0 |   789
           D:3 |       0 |     363 |   0.0 |       0 |      24 |   0.0 |   715
           D:4 |       0 |     469 |   0.0 |       0 |      14 |   0.0 |   768
           D:5 |       0 |     903 |   0.0 |       0 |      33 |   0.0 |   840
           D:6 |       0 |    1001 |   0.0 |       0 |      30 |   0.0 |   806
           D:7 |       0 |     889 |   0.0 |       0 |      17 |   0.0 |  1076
           D:8 |       0 |    3739 |   0.0 |       0 |      49 |   0.0 |   894
           D:9 |       0 |    1867 |   0.0 |       0 |      16 |   0.0 |   967
          D:10 |       0 |    3647 |   0.0 |       0 |      15 |   0.0 |   564
          D:11 |       0 |    7736 |   0.0 |       0 |      34 |   0.0 |  1925
          D:12 |       0 |    2207 |   0.0 |       0 |      18 |   0.0 |   910
          D:13 |       0 |   15645 |   0.0 |       0 |      43 |   0.0 |  1253
          D:14 |       0 |     321 |   0.0 |       0 |       1 |   0.0 |    20
               +---------+---------+-------+---------+---------+-------+---------
